 Dungeon Crawl Stone Soup version 0.17-a0-1210-g1e4f09d (webtiles) character file.

130 wongasta the Grave Robber (level 4, -2/32 HPs)
             Began as a Demonspawn Necromancer on June 3, 2015.
             Killed from afar by an orc wizard (3 damage)
             ... with a puff of flame
             ... on level 3 of the Dungeon.
             The game lasted 00:07:13 (2976 turns).

wongasta the Grave Robber (Demonspawn Necromancer)  Turns: 2976, Time: 00:07:13

Health: -2/32      AC:  2    Str:  8    XL:     4   Next: 89%
Magic:  0/8        EV: 13    Int: 17    God:
Gold:   33         SH:  0    Dex: 14    Spells: 2 memorised, 4 levels left

rFire  + + .     SeeInvis .     j - +1 short sword (elec)
rCold  . . .     Clarity  .     a - +0 robe
rNeg   . . .     SustAt   .     (no shield)
rPois  +         Gourm    .     (helmet restricted)
rElec  +         Spirit   .     (no cloak)
rCorr  +         Warding  .     (no gloves)
rMut   .         Stasis   .     (no boots)
MR     .....                    (no amulet)
Stlth  ++........               (no ring)
                                d - ring of fire

@: resistant, not resistant to hostile enchantments, unstealthy
A: antennae 1
a: no special abilities


You were on level 3 of the Dungeon.
You were hungry.

You visited 1 branch of the dungeon, and saw 3 of its levels.

You collected 33 gold pieces.

Inventory:

Hand weapons
 j - a +1 short sword of electrocution (weapon)
Missiles
 k - 6 javelins (quivered)
Armour
 a - a +0 robe (worn)
Jewellery
 d - a ring of fire (left hand)
 o - an uncursed ring of fire
Scrolls
 f - 2 scrolls of magic mapping {unknown}
 g - 3 scrolls of identify {unknown}
 h - 2 scrolls of recharging {unknown}
 n - 2 scrolls of enchant weapon {unknown}
 p - a scroll of amnesia {unknown}
 s - a scroll of remove curse {unknown}
 t - a scroll of noise {unknown}
Potions
 e - 2 potions of poison
 m - a potion of cancellation
Books
 b - a book of Necromancy

   Spells                             Type                      Level
   a - Pain                           Necromancy                   1
   b - Animate Skeleton               Necromancy                   1
   c - Vampiric Draining              Necromancy                   3
   d - Regeneration                   Charms/Necromancy            3
   e - Animate Dead                   Necromancy                   4
   f - Control Undead                 Necromancy                   4
Comestibles
 c - 2 bread rations
 i - 2 meat rations


   Skills:
 + Level 1.3 Fighting
 + Level 3.0 Dodging
 - Level 1.7 Stealth
 + Level 2.7 Spellcasting
 + Level 5.3 Necromancy


You had 4 spell levels left.
You knew the following spells:

 Your Spells              Type           Power        Failure   Level  Hunger
a - Pain                  Necr           ###.         1%          1    #......
b - Vampiric Draining     Necr           ###.......   8%          3    ###....


Dungeon Overview and Level Annotations

Branches:
Dungeon (3/15)

Altars:
Fedhas


Innate Abilities, Weirdness & Mutations

You have a pair of small antennae on your head.


Message History

The orc priest convulses in agony!
The orc priest closely misses you.
You barely miss the orc priest.
The orc priest is heavily wounded.
The orc priest closely misses you.
You hit the orc priest.
The orc priest is severely wounded.
The orc priest invokes the aid of Beogh against you.
Pain shoots through your body!
* * * LOW HITPOINT WARNING * * *
An orc wizard comes into view. It is wielding a dagger.
You closely miss the orc priest.
The orc priest is severely wounded.
The orc wizard shouts!
The orc priest barely misses you.
You hit the orc priest.
There is a sudden explosion of sparks!
You kill the orc priest!
Your Dodging skill increases to level 3!
The orc wizard gestures at you while chanting.
The puff of flame hits you! You resist.
You die...

....## #.#
.....###.####
......##....#
............####
......#........#
.....##....###.#
....##.....# #.#
>#.####....###.########
#### #..#......@.o)..#
#..#####.######.# #..#
#.# #..#####.#
##..).....#
##.....##### #
##.......##
####.........#
...+.........+


You could see an orc wizard.

Vanquished Creatures
  An orc priest (D:3)
  An orc wizard (D:3)
  2 adders (D:2)
  A worm (D:2)
  2 giant geckos (D:2)
  An orc (D:3)
  4 ball pythons
  2 giant cockroaches (D:1)
  7 hobgoblins
  2 jackals (D:2)
  2 quokkas (D:2)
  5 bats
  6 giant newts
  8 goblins
  5 kobolds
  8 rats
57 creatures vanquished.

Notes
Turn   | Place    | Note
--------------------------------------------------------------
     0 | D:1      | wongasta the Demonspawn Necromancer began the quest for the Orb.
     0 | D:1      | Reached XP level 1. HP: 13/13 MP: 3/3
   328 | D:1      | Gained mutation: You have a pair of small antennae on your head. [demonic ancestry]
   328 | D:1      | Reached XP level 2. HP: 16/19 MP: 0/5
  1942 | D:2      | Reached XP level 3. HP: 20/24 MP: 6/6
  2364 | D:2      | Reached skill level 5 in Necromancy
  2369 | D:2      | Learned a level 3 spell: Vampiric Draining
  2704 | D:2      | Reached XP level 4. HP: 31/31 MP: 7/7
  2726 | D:2      | Found a blossoming altar of Fedhas.
  2955 | D:3      | Reached skill level 1 in Fighting
  2972 | D:3      | HP: 1/32 [orc priest/nerve-wracking pain (4)]
  2976 | D:3      | Killed from afar by an orc wizard

Vault maps used:
D:1:      dpeg_arrival_orchard, kennysheep_decorative_pillar
D:2:      nicolae_overflow_hidden_temple
D:3:      first_bread

Action                   |  1- 3 |  4- 6 || total
-------------------------+-------+-------++-------
Melee: Whip              |    33 |       ||    33
       Short sword       |    39 |    21 ||    60
 Cast: Pain              |    60 |     6 ||    66
       Vampiric Draining |       |     1 ||     1
  Use: Potion            |       |     5 ||     5
 Stab: Sleeping          |     6 |     3 ||     9
  Eat: Fruit             |     2 |       ||     2
       Chunk             |     4 |     1 ||     5
